 Dungeon Crawl Stone Soup version 0.28-a0-265-g048bc9fd10 (webtiles) character file.

Game seed: 8872113011846989098

28 aSlayers the Skirmisher (level 3, -1/33 HPs)
             Began as a Draconian Abyssal Knight on Aug 27, 2021.
             Was a Follower of Lugonu.
             Slain by a hobgoblin (2 damage)
             ... on level 2 of the Dungeon.
             The game lasted 00:03:30 (1546 turns).

aSlayers the Skirmisher (Draconian Abyssal Knight)  Turns: 1546, Time: 00:03:32

Health: -1/33      AC:  5    Str: 15    XL:     3   Next: 0%
Magic:  4/4        EV: 12    Int: 20    God:    Lugonu [*.....]
Gold:   46         SH:  0    Dex: 12    Spells: 2/2 levels left

rFire   . . .      SeeInvis .   d - +0 dagger
rCold   . . .      Faith    .   (no shield)
rNeg    . . .      Spirit   .   (armour unavailable)
rPois   .          Reflect  .   (helmet restricted)
rElec   .          Harm     .   (no cloak)
rCorr   .          Rampage  .   (no gloves)
Will    .....                   (no boots)
Stlth   +.........              (no amulet)
HPRegen 0.11/turn               b - +6 ring of intelligence
MPRegen 0.09/turn               (no ring)

@: lethally poisoned (-1 -> -7)
A: AC +5, unfitting armour, cold-blooded, agile 1, clever 1
a: Renounce Religion, Depart the Abyss


You were on level 2 of the Dungeon.
You worshipped Lugonu.
Lugonu was aware of your devotion.
You visited 1 branch of the dungeon, and saw 2 of its levels.
You visited the Abyss 1 time.

You collected 46 gold pieces.

Inventory:

Hand Weapons
 d - a +0 dagger (weapon)
Jewellery
 b - a +6 ring of intelligence (left hand)


   Skills:
 + Level 3.7 Fighting
 + Level 2.4 Dodging
 + Level 2.7 Unarmed Combat
 + Level 2.1 Invocations


You had 2 spell levels left.
You didn't know any spells.
Your spell library was empty.

Dungeon Overview and Level Annotations

Branches:
Dungeon (2/15)

Altars:

Shops:
D:1 [


Innate Abilities, Weirdness & Mutations

Your plain brown scales are hard. (AC +5)
You cannot fit into any form of body armour.
You are cold-blooded and may be slowed by cold attacks.
You are agile. (Dex +2)
Your mind is acute. (Int +2)


Message History

The goblin hits you but does no damage. The adder bites you.
* * * LOW HITPOINT WARNING * * *
A kobold comes into view. It is wielding a +0 short sword.
An adder comes into view.
A hobgoblin comes into view.
The hobgoblin shouts!
The adder hisses angrily.
The adder misses you. The kobold closely misses you.
The adder bites you but does no damage. The kobold barely misses you.
The adder misses you.
An adder comes into view.
The hobgoblin closely misses you. The adder bites you.
* * * LOW HITPOINT WARNING * * *
The hobgoblin hits you but does no damage.
The kobold throws a stone.
The stone completely misses you. The hobgoblin barely misses you.
The adder hisses angrily.
The kobold throws a stone.
The stone barely misses you. The adder misses you.
There is a stone staircase leading up here.
The adder bites you.
* * * LOW HITPOINT WARNING * * *
The adder misses you.
You climb upwards.
There is a stone staircase leading down here.
The adder barely misses you. The adder completely misses you.
You climb downwards.
The hobgoblin closely misses you. The adder closely misses you.
The goblin closely misses you. The hobgoblin barely misses you.
The adder bites you.
* * * LOW HITPOINT WARNING * * *
There is a stone staircase leading up here.
The adder misses you. The adder bites you.
* * * LOW HITPOINT WARNING * * *
You are lethally poisoned!
The adder poisons you! The goblin hits you but does no damage.
The adder bites you.
* * * LOW HITPOINT WARNING * * *
The hobgoblin hits you.
You die...

###.. ..##. ..
..#.#....
..##........
#..........# #.
........#
#.##......#
......SS..####.
####..g@g......
#.....KS..<.###
#.........#.#
#.###.......#
#.# #....####
##.###.##.####
#.............
#..##..##.###.
.#.............


You could see 3 adders, a hobgoblin, a goblin and a kobold.

Vanquished Creatures
  A dart slug (D:1)
  3 endoplasms (D:1)
  2 giant cockroaches (D:1)
  A goblin (D:1)
  A hobgoblin (D:1)
  A quokka (D:1)
  A ball python (D:1)
  4 bats (D:1)
  4 kobolds (D:1)
  9 rats
27 creatures vanquished.

Notes
Turn   | Place    | Note
-------+----------+-------------------------------------------
     0 | Abyss:1  | aSlayers the Draconian Abyssal Knight began the quest for
                  | the Orb.
     0 | Abyss:1  | Reached XP level 1. HP: 19/19 MP: 2/2
     0 | D:1      | Escaped the Abyss
   561 | D:1      | Reached XP level 2. HP: 26/26 MP: 3/3
   677 | D:1      | Reached * piety under Lugonu
  1139 | D:1      | Found Wafaxtyt's Antique Armour Shoppe.
  1491 | D:2      | Reached XP level 3. HP: 33/33 MP: 4/4
  1527 | D:2      | Gained mutation: You are agile. (Dex +2) [potion of
                  | mutation]
  1527 | D:2      | Gained mutation: Your mind is acute. (Int +2) [potion of
                  | mutation]
  1527 | D:2      | HP: 1/33 [goblin (2)]
  1546 | D:2      | HP: 1/33 [adder (2)]
  1546 | D:2      | Slain by a hobgoblin

Illustrated notes

Levels and vault maps discovered:
D:1:      lemuel_arrival_lava_pool, layout_basic, serial_glass, glass_columns_b,
          glass_columns_a, serial_shops, nicolae_shop_waterfront,
          roderic_lattice_a
D:2:      layout_basic, basic_ecumenical_altar

Action                   || total
-------------------------++-------
Melee: Unarmed           ||    71
       Tailslap          ||    12
       Dagger            ||    39
Invok: Depart the Abyss  ||     1
  Use: Potion            ||     2
       Scroll            ||     1
 Stab: Sleeping          ||     2
Armor: Skin              ||    41
Dodge: Dodged            ||    72

Table legend: (Time is in decaauts)
 A = Elapsed time spent in this place.
 B = Non-inter-level travel time spent in this place.
 C = Inter-level travel time spent in this place.
 D = Time resting spent in this place.
 E = Time spent auto-exploring this place.
 F = Levels seen in this place.
 G = Mean time per level.
                   A        B        C        D        E       F      G
               +--------+--------+--------+--------+--------+-----+--------+
         Total |   1542 |   1542 |      0 |      0 |   1276 |   3 |  514.0 |
       Dungeon |   1542 |   1542 |      0 |      0 |   1276 |   2 |  771.0 |
         Abyss |      0 |      0 |      0 |      0 |      0 |   1 |    0.0 |
               +--------+--------+--------+--------+--------+-----+--------+

Top non-repeatable levels by time:
     D:1: 1487 daAuts
     D:2: 55 daAuts
